Map: Ruins of Seras

Players

JevynSlayer

  • Race: Protoss Protoss
  • League: Diamond

MorN - Winner!

  • Race: Zerg Zerg
  • League: Master

VOD

Have the link to the VOD?

Description

Time

  • Played on: Nov. 29, 2015, 9:43 p.m.
  • Length: 14:08
Show
View Real Time Build Order
Export as new Build Order

JevynSlayer Protoss 

Build Orders:  

Get SALT Encoding   

  12  0:01  Probe (Chrono Boost)  
  13  0:11  Probe (Chrono Boost)  
  14  0:20  Pylon  
  14  0:23  Probe (Chrono Boost)  
  15  0:39  Probe (Chrono Boost)  
  16  0:49  Probe (Chrono Boost)  
  17  1:00  Probe (Chrono Boost)  
  18  1:07  Nexus  
  18  1:11  Probe (Chrono Boost)  
  19  1:21  Gateway  
  19  1:24  Probe (Chrono Boost)  
  20  1:30  Assimilator  
  20  1:32  Assimilator  
  20  1:40  Pylon  
  20  1:55  Forge  
  20  2:06  Probe (Chrono Boost)  
  21  2:16  Cybernetics Core  
  21  2:17  Probe (Chrono Boost)  
  21  2:20  Probe (Chrono Boost)  
  23  2:27  Probe (Chrono Boost)  
  24  2:38  Photon Cannon  
  24  2:42  Probe x2 (Chrono Boost)  
  26  2:48  Warp Gate (Chrono Boost)  
  26  2:53  Probe x2 (Chrono Boost)  
  28  3:02  Protoss Ground Weapons Level 1 (Chrono Boost)  
  28  3:03  Mothership Core (Chrono Boost)  
  28  3:05  Probe (Chrono Boost)  
  31  3:15  Probe  
  31  3:17  Sentry  
  34  3:23  Probe  
  34  3:25  Probe  
  35  3:30  Pylon  
  35  3:31  Assimilator  
  36  3:36  Probe  
  36  3:37  Probe  
  38  3:46  Assimilator  
  38  3:48  Probe  
  39  3:51  Probe  
  40  4:00  Probe, Robotics Facility  
  40  4:02  Twilight Council  
  41  4:03  Probe  
  42  4:12  Probe  
  43  4:35  Probe x2, Nexus  
  43  4:36  Pylon  
  45  4:42  Blink (Chrono Boost)  
  45  4:47  Probe x2  
  45  4:50  Observer  
  48  4:56  Gateway  
  48  4:58  Pylon  
  48  5:01  Gateway  
  48  5:08  Gateway  
  48  5:18  Robotics Bay  
  48  5:22  Warp Prism  
  48  5:26  Protoss Ground Weapons Level 2  
  50  5:30  Pylon  
  50  5:32  Stalker  
  52  5:35  Probe  
  52  5:36  Probe  
  54  5:46  Probe  
  54  5:48  Probe x2  
  57  5:56  Probe  
  58  6:05  Zealot x4  
  58  6:08  Disruptor (Chrono Boost)  
  69  6:15  Pylon  
  69  6:16  Probe  
  69  6:17  Probe x2  
  72  6:26  Probe  
  72  6:29  Probe x2  
  75  6:37  Probe  
  76  6:41  Probe  
  76  6:43  Disruptor (Chrono Boost)  
  80  6:47  Probe x2  
  80  6:48  Stalker  
  80  6:49  Stalker x2  
  80  6:53  Probe  
  89  6:58  Probe  
  89  6:59  Probe  
  91  7:05  Assimilator  
  91  7:06  Probe  
  91  7:07  Assimilator  
  92  7:11  Pylon  
  92  7:16  Stalker x2, Gateway  
  92  7:18  Probe x2  
  92  7:20  Nexus  
  98  7:32  Probe  
  99  7:40  Stalker x2  
  99  7:41  Stalker x2  
  107  7:52  Stargate  
  107  8:01  Dark Shrine  
  107  8:10  Stargate  
  107  8:11  Stalker  
  109  8:23  Disruptor (Chrono Boost)  
  104  8:32  Pylon  
  100  8:34  Pylon  
  100  8:38  Pylon x2  
  100  8:39  Pylon  
  100  8:40  Pylon  
  98  8:41  Pylon  
  100  8:49  Probe x2, Phoenix (Chrono Boost)  
  100  8:50  Probe x2  
  100  8:54  Disruptor  
  107  8:57  Phoenix (Chrono Boost)  
  107  8:59  Stalker x3  
  107  9:00  Stalker  
  107  9:02  Nexus  
  117  9:03  Protoss Ground Weapons Level 3  
  117  9:06  Pylon  
  117  9:10  Pylon  
  117  9:14  Phoenix (Chrono Boost)  
  119  9:19  Phoenix (Chrono Boost)  
  121  9:29  Gateway  
  121  9:30  Gateway  
  121  9:31  Pylon  
  121  9:33  Gateway  
  121  9:38  Disruptor  
  123  9:39  Phoenix (Chrono Boost)  
  123  9:41  Phoenix (Chrono Boost)  
  123  9:43  Dark Templar  
  123  9:44  Dark Templar x2  
  134  9:47  Dark Templar  
  136  9:54  Dark Templar  
  138  10:03  Phoenix (Chrono Boost)  
  138  10:04  Phoenix (Chrono Boost)  
  123  10:21  Stalker x4  
  129  10:24  Disruptor  
  134  10:47  Dark Templar x7  
  146  10:58  Pylon  
  146  11:00  Disruptor  
  146  11:02  Nexus  
  149  11:04  Stalker  
  151  11:11  Archon  
  151  11:12  Archon  
  145  11:27  Pylon  
  143  11:37  Stalker  
  143  11:38  Stalker x6  
  134  12:03  Stalker  
  134  12:04  Stalker x2  
  134  12:05  Stalker x2  
  133  12:15  Disruptor, Void Ray (Chrono Boost)  
  133  12:21  Void Ray (Chrono Boost)  
  130  12:27  Assimilator  
  130  12:31  Assimilator  
  130  12:34  Assimilator  
  127  12:37  Mothership Core  
  127  12:38  Assimilator  
  125  12:47  Stalker x4  
  125  12:48  Stalker x2  
  114  12:55  Dark Templar x4  
  97  13:08  Mothership Core  
  97  13:11  Pylon  
  97  13:12  Pylon  
  99  13:13  Disruptor  
  99  13:14  Zealot x2  
  99  13:19  Pylon  
  104  13:20  Pylon  
  104  13:21  Pylon  
  104  13:23  Gateway  
  104  13:26  Gateway  
  94  13:30  Zealot x3  
  91  13:36  Zealot  
  91  13:37  Zealot  
  95  13:43  Pylon  
  83  13:53  Stalker x3  
Show
View Real Time Build Order
Export as new Build Order

MorN Zerg - Winner!

Build Orders: 3 Hatch before Pool 

Get SALT Encoding   

  12  0:01  Drone  
  13  0:13  Drone  
  14  0:19  Overlord  
  14  0:38  Drone x2  
  14  0:39  Drone  
  17  0:57  Hatchery  
  16  1:08  Drone  
  17  1:22  Hatchery  
  16  1:26  Drone  
  17  1:37  Spawning Pool  
  16  1:47  Drone x3  
  19  2:04  Drone  
  20  2:14  Drone x2  
  22  2:25  Drone  
  22  2:26  Drone, Queen  
  22  2:28  Queen  
  28  2:36  Drone x3  
  31  2:42  Overlord  
  31  2:49  Drone x2  
  34  2:58  Drone  
  34  3:01  Overlord  
  34  3:06  Roach Warren  
  34  3:07  Extractor  
  34  3:09  Extractor, Queen  
  34  3:12  Drone x3, Extractor  
  35  3:17  Drone x3  
  38  3:25  Drone  
  38  3:26  Drone x2  
  41  3:40  Overlord  
  41  3:42  Drone x7  
  48  3:49  Lair  
  48  4:00  Drone x4  
  48  4:01  Drone x2  
  54  4:03  Overlord  
  54  4:20  Metabolic Boost  
  54  4:29  Drone  
  54  4:30  Drone x11  
  66  4:46  Glial Reconstitution  
  66  4:55  Extractor  
  66  4:57  Extractor x2  
  66  4:58  Hatchery, Drone x3  
  66  4:59  Drone  
  66  5:08  Overlord  
  66  5:09  Overlord x3  
  66  5:14  Evolution Chamber x2, Drone x2  
  66  5:24  Overlord x4  
  66  5:26  Queen x2  
  66  5:28  Pneumatized Carapace  
  70  5:39  Drone x2  
  70  5:40  Drone  
  73  5:43  Zerg Missile Weapons Level 1, Zerg Ground Armor Level 1  
  73  5:50  Drone, Infestation Pit  
  73  5:54  Drone x2  
  75  6:17  Drone  
  76  6:20  Drone x5  
  76  6:21  Drone x3  
  84  6:32  Roach  
  92  6:33  Roach x14  
  92  6:36  Queen  
  110  6:53  Spire  
  109  6:55  Spawning Pool  
  108  7:18  Drone x2, Hydralisk Den  
  108  7:19  Drone x2  
  108  7:22  Drone x3  
  114  7:26  Extractor  
  114  7:27  Extractor  
  112  7:32  Hatchery  
  112  7:34  Hatchery  
  110  7:46  Zerg Ground Armor Level 2, Zerg Missile Weapons Level 2  
  110  7:47  Hive  
  110  7:49  Muscular Augments  
  110  7:52  Queen  
  110  7:58  Spore Crawler  
  111  7:59  Spore Crawler x2, Spine Crawler  
  111  8:01  Drone, Spine Crawler  
  111  8:02  Drone x2  
  109  8:10  Roach x3  
  109  8:11  Roach x12  
  135  8:15  Overlord x5  
  131  8:51  Hydralisk x4  
  131  8:52  Roach x2  
  131  8:53  Roach x3  
  149  8:56  Hydralisk  
  149  8:57  Hydralisk x14  
  179  9:03  Burrow, Tunneling Claws  
  179  9:09  Overlord x2  
  179  9:24  Zerg Flyer Weapons Level 1  
  179  9:27  Drone x3  
  179  9:28  Drone x5  
  187  10:00  Overlord  
  187  10:01  Hatchery  
  144  10:15  Spore Crawler  
  144  10:16  Spore Crawler  
  144  10:17  Spine Crawler  
  144  10:18  Spore Crawler, Spine Crawler  
  144  10:19  Spine Crawler  
  144  10:20  Spine Crawler  
  131  10:39  Overseer x2  
  129  11:11  Hatchery  
  128  11:12  Overseer x2  
  126  11:26  Hydralisk  
  126  11:27  Hydralisk x16  
  126  11:28  Hydralisk x11  
  182  11:33  Hatchery  
  161  11:51  Hydralisk x7  
  129  12:44  Overseer x3  
  109  12:52  Hydralisk x2  
  109  12:53  Hydralisk x14  
  139  13:01  Drone x5  
  112  13:42  Drone x5  
  112  13:43  Hydralisk  
  123  14:00  Spine Crawler x2  
  123  14:02  Spine Crawler  
  120  14:05  Spine Crawler  
Tags
 
Add a new tag
Caveats
  • Supply blocks, unpowered buildings, or Contaminate may cause inaccurate times.
  • Supply counts are checked every 10 seconds.